 Dungeon Crawl Stone Soup version 0.29-a0-350-g7790a0e70a (webtiles) character file.

Game seed: 3504914598560071783

282 hellse the Ruffian (level 6, -2/52 (59) HPs)
             Began as a Troll Delver on Apr 22, 2022.
             Slain by a wight
             ... wielding a +3 great sword
              (8 damage)
             ... on level 4 of the Dungeon.
             The game lasted 00:02:22 (745 turns).

hellse the Ruffian (Troll Delver)                    Turns: 745, Time: 00:02:23

HP:   -2/52 (59)    AC:  4    Str: 23    XL:     6   Next: 6%
MP:   5/5           EV:  9    Int:  6    God:
Gold: 45            SH:  5    Dex: 11    Spells: 5/5 levels left

rFire   . . .      SeeInvis .     - Unarmed
rCold   . . .      Faith    .   (no shield)
rNeg    . . .      Spirit   .   a - +0 robe
rPois   .          Reflect  +   (helmet restricted)
rElec   .          Harm     .   (no cloak)
rCorr   .          Rampage  .   (gloves unavailable)
Will    .....                   (boots unavailable)
Stlth   ++........              l - amulet of reflection
HPRegen 0.97/turn               (no ring)
MPRegen 0.09/turn               (no ring)

@: heavily drained
A: large, unfitting armour, claws 3, regeneration 1, shaggy fur 1, tough skin 1
a: no special abilities


You were on level 4 of the Dungeon.
You visited 1 branch of the dungeon, and saw 2 of its levels.
You also visited: Sewer.

You collected 45 gold pieces.

Inventory:

Armour
 a - a +0 robe (worn)
Jewellery
 l - an amulet of reflection (around neck)
 m - a ring of ice
Wands
 f - a wand of digging (3)
Scrolls
 b - 2 scrolls of fog
 c - 3 scrolls of identify {unknown}
 d - a scroll of fear
 h - a scroll of enchant weapon {unknown}
 i - a scroll of teleportation {unknown}
 n - a scroll of blinking {unknown}
Potions
 e - a potion of haste
 g - a potion of degeneration {unknown}
 j - a potion of ambrosia {unknown}
 k - a potion of mutation {unknown}


   Skills:
 - Level 2.4 Fighting
 - Level 1.5 Dodging
 - Level 2.7 Stealth
 + Level 6.4 Unarmed Combat


You had 5 spell levels left.
You didn't know any spells.
Your spell library was empty.

Dungeon Overview and Level Annotations

Branches:
Dungeon (5/15)              Sewer (visited)
 Temple: D:4-7

Altars:
Ashenzari


Innate Abilities, Weirdness & Mutations

You are too large for most types of armour.
You have claws for hands.
Your natural rate of healing is unusually fast.
You are covered in fur. (AC +1)
You have tough skin. (AC +1)


Message History

You now have 45 gold pieces (gained 16).
An orc comes into view. It is wielding a +0 mace.
The orc shouts!
A wight comes into view. It is wielding a +0 dagger.
The orc moves out of view.
A wight is nearby!
A wight is nearby!
A wight comes into view. It is wielding a +1 flail.
A wight comes into view. It is wielding a +3 great sword.
A kobold comes into view. It is wielding a +0 short sword.
There are monsters nearby!
The wight attacks as you move away! You block the wight's attack.
The wight attacks as you move away! You block the wight's attack.
The wight attacks as you move away! The wight hits you with a +1 flail.
You feel drained. The wight hits you with a +1 flail.
You feel drained. The orc hits you with a +0 mace.
The wight attacks as you move away! The wight hits you with a +1 flail.
You feel drained. The orc closely misses you.
The wight attacks as you move away! The wight closely misses you.
The orc attacks as you move away! The orc hits you but does no damage.
The wight attacks as you move away! The wight hits you with a +1 flail!
The wight attacks as you move away! The wight misses you.
The wight attacks as you move away! You block the wight's attack.
The orc attacks as you move away! The orc hits you with a +0 mace.
The wight attacks as you move away! The wight closely misses you.
The orc attacks as you move away! You block the orc's attack.
The wight attacks as you move away!
The wight hits you with a +3 great sword!
The wight attacks as you move away! The wight hits you with a +1 flail!
The wight attacks as you move away! You block the wight's attack.
The wight attacks as you move away!
The wight hits you with a +3 great sword!
* * * LOW HITPOINT WARNING * * *
You feel drained.
* * * LOW HITPOINT WARNING * * *
The wight attacks as you move away! The wight barely misses you.
The wight attacks as you move away!
The wight hits you with a +3 great sword!
You die...

#.............
#.............
#............
#.....K......
#####......####
#..........############
+..........##.........#
#.....ozz..##.........#
#####...@))##.........###
#....).##............
#........#...........
#........#...........
###......#...........
#.######........... #.#
#........... #..
#........... ###
#...........


You could see 2 wights, an orc and a kobold.

Vanquished Creatures
  An ice beast (D:5)
  2 scorpions
  2 river rats
  4 adders (Sewer)
  2 dart slugs (D:5)
  6 orcs (D:4)
  A ball python (D:4)
  9 frilled lizards (Sewer)
  5 rats
32 creatures vanquished.

Notes
Turn   | Place    | Note
-------+----------+-------------------------------------------
     0 | D:5      | hellse the Troll Delver began the quest for the Orb.
     0 | D:5      | Reached XP level 1. HP: 22/22 MP: 0/0
    15 | D:5      | Found a glowing drain.
    36 | D:5      | Reached XP level 2. HP: 22/29 MP: 1/1
    36 | D:5      | Noticed a centaur
    40 | Sewer    | Entered a sewer
    83 | Sewer    | Reached skill level 3 in Unarmed Combat
   161 | Sewer    | Reached XP level 3. HP: 36/36 MP: 2/2
   358 | Sewer    | Reached skill level 4 in Unarmed Combat
   455 | D:5      | Found a broken altar of Ashenzari.
   455 | D:5      | Noticed a scorpion
   458 | D:5      | Noticed an ice beast
   463 | D:5      | Killed a scorpion
   464 | D:5      | Reached skill level 5 in Unarmed Combat
   464 | D:5      | Reached XP level 4. HP: 34/44 MP: 3/3
   497 | D:5      | Killed an ice beast
   498 | D:5      | Reached XP level 5. HP: 20/50 MP: 4/4
   562 | D:5      | Noticed an ice beast
   565 | D:5      | Reached skill level 6 in Unarmed Combat
   644 | D:4      | Reached XP level 6. HP: 39/59 MP: 5/5
   745 | D:4      | Slain by a wight

Illustrated notes

Levels and vault maps discovered:
D:4:      layout_basic, chequers_mini_garden
D:5:      layout_rooms, ashenzari_conservatory_becter, portal_sewer_entry_a

Skill      XL: |  1  2  3  4  5 |
---------------+----------------+-----
Unarmed Combat | 3 5 6 |  6.4
Fighting       | |  2.4
Dodging        | |  1.5
Stealth        | |  2.7

Action                   |  1- 3 |  4- 6 || total
-------------------------+-------+-------++-------
Melee: Unarmed           |    55 |    46 ||   101
  Use: Scroll            |     2 |       ||     2
 Stab: Sleeping          |     3 |       ||     3
Armor: Robe              |    10 |    13 ||    23
Dodge: Dodged            |    26 |    19 ||    45
Block: Other             |       |    12 ||    12

Table legend: (Time is in decaauts)
 A = Elapsed time spent in this place.
 B = Non-inter-level travel time spent in this place.
 C = Inter-level travel time spent in this place.
 D = Time resting spent in this place.
 E = Time spent auto-exploring this place.
 F = Levels seen in this place.
 G = Mean time per level.
                   A        B        C        D        E       F      G
               +--------+--------+--------+--------+--------+-----+--------+
         Total |    793 |    793 |      0 |     76 |    323 |   3 |  264.3 |
       Dungeon |    359 |    359 |      0 |     65 |     70 |   2 |  179.5 |
         Sewer |    434 |    434 |      0 |     11 |    253 |   1 |  434.0 |
               +--------+--------+--------+--------+--------+-----+--------+

Top non-repeatable levels by time:
   Sewer: 434 daAuts
     D:5: 192 daAuts
     D:4: 166 daAuts
